Map: [ESL] Oceanborn

Players

ShaDoWn - Winner!

  • Race: Protoss Protoss
  • Spawn Location: 5:00

MaNa

  • Race: Protoss Protoss
  • Spawn Location: 11:00

Event: ESL Spring 2024 Finals

VOD

Have the link to the VOD?

Description

Time

  • Played on: May 31, 2024, 11:48 a.m.
  • Length: 11:11

All games in this series

Show
View Real Time Build Order
Export as new Build Order

ShaDoWn Protoss - Winner!

Build Orders: Blink Stalkers 

Get SALT Encoding   

  12  0:00  Probe  
  13  0:12  Probe  
  14  0:16  Pylon  
  14  0:24  Probe  
  15  0:36  Gateway, Probe (Chrono Boost)  
  16  0:46  Assimilator, Probe (Chrono Boost)  
  17  0:51  Probe (Chrono Boost)  
  18  1:03  Probe (Chrono Boost)  
  19  1:04  Assimilator  
  19  1:09  Gateway  
  20  1:12  Probe (Chrono Boost)  
  20  1:17  Probe (Chrono Boost)  
  20  1:24  Cybernetics Core  
  21  1:29  Probe  
  22  1:37  Pylon  
  22  1:41  Probe  
  23  1:55  Probe  
  23  2:00  Stalker x2, Warp Gate  
  29  2:12  Probe  
  29  2:14  Pylon  
  29  2:24  Probe  
  30  2:32  Stalker x2  
  34  2:53  Nexus  
  34  2:57  Probe  
  35  3:09  Twilight Council, Probe  
  36  3:21  Probe  
  36  3:23  Pylon  
  37  3:33  Probe  
  36  3:43  Shield Battery  
  36  3:45  Probe  
  36  3:50  Stalker x2  
  36  3:52  Blink (Chrono Boost)  
  40  3:57  Probe  
  40  4:00  Shield Battery  
  39  4:06  Probe  
  39  4:10  Probe (Chrono Boost)  
  39  4:14  Stalker  
  39  4:15  Stalker  
  43  4:18  Probe (Chrono Boost)  
  43  4:22  Probe (Chrono Boost)  
  45  4:28  Probe (Chrono Boost)  
  45  4:29  Probe (Chrono Boost)  
  47  4:34  Probe  
  48  4:38  Probe  
  48  4:39  Stalker  
  48  4:40  Stalker  
  52  4:46  Probe  
  53  5:00  Nexus  
  53  5:05  Stalker  
  55  5:08  Robotics Facility  
  55  5:11  Probe  
  55  5:13  Stalker  
  58  5:27  Probe  
  55  5:29  Probe  
  55  5:35  Stalker, Pylon  
  54  5:36  Stalker  
  54  5:39  Probe  
  57  5:43  Assimilator  
  57  5:44  Probe  
  57  5:47  Gateway  
  58  5:52  Probe  
  58  5:54  Observer (Chrono Boost)  
  58  5:56  Probe  
  61  5:57  Charge  
  61  6:01  Stalker x2  
  61  6:04  Probe  
  66  6:06  Observer (Chrono Boost)  
  66  6:08  Probe  
  68  6:16  Probe  
  68  6:18  Probe  
  70  6:20  Forge  
  70  6:22  Probe  
  70  6:23  Gateway  
  70  6:24  Stalker x2  
  70  6:25  Pylon  
  75  6:31  Probe  
  76  6:35  Probe  
  76  6:36  Probe  
  78  6:42  Gateway  
  78  6:43  Probe  
  78  6:44  Gateway  
  79  6:48  Probe (Chrono Boost)  
  79  6:51  Probe (Chrono Boost)  
  77  6:56  Protoss Ground Weapons Level 1 (Chrono Boost)  
  77  6:59  Probe (Chrono Boost)  
  75  7:01  Gateway  
  75  7:02  Gateway  
  75  7:03  Probe (Chrono Boost)  
  75  7:05  Gateway, Probe (Chrono Boost)  
  76  7:15  Nexus  
  76  7:17  Pylon  
  76  7:21  Stalker x3  
  82  7:27  Observer  
  82  7:29  Photon Cannon  
  82  7:32  Stalker  
  82  7:36  Stalker  
  86  7:38  Probe x3  
  86  7:40  Stalker  
  91  7:45  Stalker x2  
  91  7:46  Stalker  
  91  7:50  Probe x2  
  99  7:55  Probe  
  99  7:58  Pylon  
  100  7:59  Pylon, Photon Cannon  
  101  8:05  Probe  
  101  8:14  Pylon  
  101  8:16  Zealot  
  101  8:17  Zealot x5  
  101  8:18  Zealot  
  115  8:20  Zealot  
  115  8:25  Pylon  
  115  8:26  Protoss Ground Weapons Level 2 (Chrono Boost)  
  117  8:33  Zealot  
  117  8:34  Probe  
  106  8:48  Stalker x3  
  106  8:49  Zealot x5  
  106  8:52  Probe  
  121  8:58  Probe  
  118  9:03  Probe x2  
  118  9:06  Probe  
  118  9:07  Observer  
  119  9:10  Stalker x4, Zealot x2  
  119  9:12  Probe  
  112  9:26  Stalker x3  
  112  9:27  Probe  
  112  9:28  Probe x3  
  118  9:38  Stalker x5, Zealot  
  126  9:39  Probe  
  129  9:49  Gateway  
  129  9:51  Assimilator  
  129  9:52  Stalker x3  
  131  9:59  Photon Cannon  
  135  10:00  Stalker  
  135  10:01  Zealot x4  
  145  10:07  Stalker  
  143  10:25  Stalker x3  
  143  10:26  Warp Prism (Chrono Boost)  
  131  10:38  Probe  
  131  10:39  Stalker x4, Zealot x2  
  131  10:41  Probe  
  125  10:50  Stalker x2, Zealot x2  
  125  10:53  Probe  
  128  11:05  Stalker x3, Zealot x3  
  128  11:06  Nexus  
Show
View Real Time Build Order
Export as new Build Order

MaNa Protoss 

Build Orders: Archon Immortal 

Get SALT Encoding   

  12  0:00  Probe  
  13  0:12  Probe  
  14  0:17  Pylon  
  14  0:24  Probe (Chrono Boost)  
  15  0:36  Probe (Chrono Boost)  
  15  0:37  Gateway  
  16  0:44  Probe (Chrono Boost)  
  16  0:47  Assimilator  
  17  0:51  Probe  
  18  1:03  Probe (Chrono Boost)  
  19  1:04  Assimilator  
  19  1:10  Gateway  
  20  1:12  Probe (Chrono Boost)  
  20  1:17  Probe (Chrono Boost)  
  20  1:24  Cybernetics Core  
  21  1:29  Probe  
  22  1:37  Pylon  
  22  1:41  Probe  
  23  2:00  Stalker x2, Warp Gate  
  27  2:02  Probe  
  28  2:10  Pylon  
  28  2:14  Probe  
  29  2:26  Probe  
  30  2:33  Adept x2  
  33  2:52  Nexus  
  33  2:55  Probe  
  34  3:03  Sentry x2  
  38  3:08  Pylon  
  39  3:12  Probe  
  39  3:25  Shield Battery  
  40  3:31  Twilight Council, Probe  
  38  3:46  Robotics Facility  
  38  3:49  Stalker  
  38  3:51  Stalker  
  38  3:55  Probe  
  38  4:03  Blink (Chrono Boost)  
  38  4:05  Probe  
  38  4:07  Probe (Chrono Boost)  
  41  4:17  Probe (Chrono Boost)  
  41  4:19  Probe (Chrono Boost)  
  42  4:26  Probe (Chrono Boost)  
  42  4:27  Probe (Chrono Boost)  
  44  4:31  Probe (Chrono Boost)  
  44  4:33  Dark Shrine  
  44  4:35  Probe  
  44  4:43  Probe  
  43  4:48  Pylon  
  43  4:50  Stalker x2  
  47  4:53  Probe  
  47  4:55  Probe  
  49  5:05  Probe  
  50  5:07  Shield Battery, Observer (Chrono Boost), Probe  
  50  5:08  Pylon  
  50  5:10  Assimilator  
  52  5:17  Probe  
  52  5:19  Probe  
  52  5:21  Stalker  
  52  5:27  Stalker  
  52  5:31  Probe  
  53  5:35  Probe  
  53  5:40  Gateway  
  54  5:45  Dark Templar  
  54  5:47  Probe  
  54  5:48  Probe  
  54  5:49  Pylon  
  58  5:56  Nexus  
  58  5:59  Probe  
  58  6:02  Dark Templar  
  61  6:08  Immortal (Chrono Boost)  
  61  6:15  Probe  
  64  6:19  Stalker  
  64  6:22  Probe (Chrono Boost)  
  64  6:23  Shield Battery  
  67  6:28  Probe (Chrono Boost)  
  69  6:34  Probe (Chrono Boost)  
  69  6:37  Probe (Chrono Boost)  
  69  6:38  Stalker  
  69  6:39  Probe (Chrono Boost)  
  72  6:41  Immortal  
  72  6:42  Probe (Chrono Boost)  
  76  6:58  Stalker x2  
  76  7:00  Probe x2 (Chrono Boost)  
  82  7:04  Charge  
  82  7:05  Forge  
  82  7:08  Probe (Chrono Boost)  
  85  7:17  Probe x3 (Chrono Boost)  
  85  7:20  Immortal  
  85  7:21  Shield Battery  
  90  7:23  Probe x2  
  90  7:24  Probe  
  93  7:31  Assimilator  
  93  7:32  Protoss Ground Weapons Level 1 (Chrono Boost)  
  93  7:35  Probe  
  93  7:36  Gateway  
  94  7:37  Gateway  
  94  7:39  Gateway  
  94  7:51  Gateway  
  94  7:53  Gateway  
  94  7:55  Pylon  
  94  7:56  Zealot x3  
  100  8:06  Nexus  
  99  8:15  Observer  
  99  8:16  Dark Templar x2  
  104  8:20  Archon  
  104  8:21  Pylon  
  104  8:23  Photon Cannon  
  104  8:27  Pylon  
  104  8:29  Pylon  
  104  8:33  Stalker x2  
  99  8:51  Stalker x3  
  99  8:52  Zealot x3  
  99  8:53  Colossus  
  99  8:54  Immortal  
  111  8:57  Shield Battery  
  111  9:00  Dark Templar  
  111  9:01  Dark Templar  
  112  9:06  Archon  
  112  9:12  Zealot x3  
  114  9:18  Zealot x3  
  114  9:32  Warp Prism  
  112  9:41  Nexus  
  112  9:43  Dark Templar x2  
  116  9:54  Pylon  
  116  9:56  Pylon  
  116  10:04  Archon  
  116  10:08  Observer  
  116  10:12  Pylon  
  117  10:16  Zealot x7  
  114  10:33  Immortal (Chrono Boost)  
  98  10:38  Zealot x7  
  68  10:59  Stalker x7  
Tags
 
Add a new tag
Caveats
  • Supply blocks, unpowered buildings, or Contaminate may cause inaccurate times.
  • Supply counts are checked every 10 seconds.